 Dungeon Crawl Stone Soup version 0.30-a0-622-gddc90eaa04 (webtiles) character file.

Game seed: 16857976014595153610

14085 testman the Skirmisher (level 12, -1/82 HPs)
             Began as a Gnoll Wanderer on Jan 10, 2023.
             Was a Believer of Hepliaklqana.
             Shot with an arrow by Nessos (8 damage)
             ... on level 12 of the Dungeon.
             The game lasted 00:37:44 (10320 turns).

testman the Skirmisher (Gnoll Wanderer)            Turns: 10320, Time: 00:37:45

Health: -1/82      AC: 15    Str: 12    XL:     12   Next: 12%
Magic:  22/22      EV: 15    Int: 13    God:    Hepliaklqana [**....]
Gold:   755        SH:  0    Dex: 21    Spells: 11/25 levels left

rFire   + . .      SeeInvis .    d - +0 arbalest
rCold   . . .      Faith    .    (shield currently unavailable)
rNeg    . . .      Spirit   .    t - +2 ring mail {rF+}
rPois   .          Reflect  .    i - +1 helmet
rElec   .          Harm     .    (no cloak)
rCorr   .          Rampage  .    g - +0 pair of gloves
Will    .....                    c - +2 pair of boots
Stlth   ++                       M - amulet of the acrobat
HPRegen 0.33/turn                G - +6 ring of dexterity
MPRegen 0.18/turn                O - ring of wizardry

@: lethally poisoned (-1 -> -24), silenced
A: reduced essence, fangs 1, strong nose, distributed training
a: Renounce Religion


You were on level 12 of the Dungeon.
You worshipped Hepliaklqana.
Hepliaklqana was pleased with you.
You visited 2 branches of the dungeon, and saw 13 of its levels.

You collected 755 gold pieces.

Inventory:

Hand Weapons
 d - a +0 arbalest (weapon)
 D - a +2 dagger of protection
 E - a +0 flail of holy wrath
 I - a +0 falchion of flaming
 J - a +2 trident of protection
 P - a +2 dagger of venom
Missiles
 B - 9 boomerangs
 F - a throwing net
 Q - 2 curare-tipped darts
Armour
 c - a +2 pair of boots (worn)
 g - a +0 pair of gloves (worn)
 i - a +1 helmet (worn)
 t - a +2 ring mail of fire resistance (worn)
Jewellery
 l - a +5 ring of evasion
 G - a +6 ring of dexterity (left hand)
 M - an amulet of the acrobat (around neck)
 O - a ring of wizardry (right hand)
Wands
 q - a wand of roots (6)
 v - a wand of charming (8)
 y - a wand of polymorph (9)
 C - a wand of acid (19)
 K - a wand of flame (23)
Scrolls
 b - a scroll of amnesia {unknown}
 e - a scroll of fear {unknown}
 h - 4 scrolls of poison
 k - 4 scrolls of immolation
 n - a scroll of silence
 p - a scroll of torment {unknown}
 r - 3 scrolls of fog {unknown}
 u - a scroll of blinking {unknown}
 L - a scroll of summoning {unknown}
 S - a scroll of teleportation
Potions
 f - a potion of heal wounds
 j - 2 potions of attraction
 m - 3 potions of curing
 o - 2 potions of brilliance
 s - 6 potions of ambrosia
 w - a potion of resistance {unknown}
 x - 3 potions of might
 z - 3 potions of haste
 A - 2 potions of magic {unknown}
 H - 2 potions of degeneration {unknown}
 N - 2 potions of flight {unknown}
 R - a potion of berserk rage {unknown}


   Skills:
 + Level 7.7 Fighting
 + Level 7.2 Short Blades
 + Level 7.2 Long Blades
 + Level 7.2 Axes
 + Level 7.2 Maces & Flails
 + Level 8.6 Polearms
 + Level 7.2 Staves
 + Level 11.2 Ranged Weapons
 + Level 7.2 Throwing
 + Level 7.7 Armour
 + Level 7.7 Dodging
 + Level 7.7 Stealth
 + Level 7.2 Shields
 + Level 7.2 Unarmed Combat
 + Level 7.2 Spellcasting
 + Level 6.0 Conjurations
 + Level 6.0 Hexes
 + Level 6.0 Summonings
 + Level 6.0 Necromancy
 + Level 6.0 Translocations
 + Level 6.0 Transmutations
 + Level 6.0 Fire Magic
 + Level 6.0 Ice Magic
 + Level 6.0 Air Magic
 + Level 6.0 Earth Magic
 + Level 6.0 Poison Magic
 + Level 7.9 Invocations
 + Level 7.2 Evocations


You had 11 spell levels left.
You knew the following spells:

 Your Spells              Type           Power      Damage    Failure   Level
a - Frozen Ramparts       Ice            40%        1d7       3%          3
b - Ozocubu's Armour      Ice            20%        N/A       3%          3
c - Iskenderun's Mystic   Conj/Tloc      20%        2d6       10%         4
d - Dispel Undead         Necr           20%        3d11      10%         4

Your spell library contained the following spells:

 Spells                   Type           Power      Damage    Failure   Level
 Apportation              Tloc           40%        N/A       1%          1
 Freeze                   Ice            80%        1d9       1%          1
 Cigotuvi's Dreadful Rot  Necr/Pois/Air  40%        N/A       1%          2
 Dazzling Flash           Conj/Hex       40%        N/A       3%          3
 Gell's Gravitas          Tloc           20%        N/A       3%          3
 Hailstorm                Conj/Ice       20%        3d6       3%          3
 Lesser Beckoning         Tloc           40%        N/A       3%          3
 Teleport Other           Tloc           20%        N/A       3%          3
 Alistair's Intoxication  Tmut/Pois      13%        N/A       26%         5
 Metabolic Englaciation   Hex/Ice        10%        N/A       26%         5
 Death Channel            Necr           10%        N/A       80%         6
 Dispersal                Tloc           10%        N/A       80%         6
 Simulacrum               Ice/Necr       10%        N/A       80%         6
 Starburst                Conj/Fire      10%        6d5       80%         6


Dungeon Overview and Level Annotations

Branches:
Dungeon (12/15)            Temple (1/1) D:6            Lair (0/5) D:11
    Orc (0/2) D:11

Altars:
Ashenzari
Cheibriados
Dithmenos
Elyvilon
Fedhas
Gozag
Hepliaklqana
Kikubaaqudgha
Makhleb
Nemelex Xobeh
Okawaru
Qazlal
Ru
Sif Muna
Trog
Uskayaw
Vehumet
Wu Jian
Xom
Yredelemnul
Zin
The Shining One

Annotations:
D:12 Nessos


Innate Abilities, Weirdness & Mutations

Your life essence is reduced to manifest your ancestor. (-10% HP)
You have very sharp teeth.
Your uncanny sense of smell can sniff out nearby items.
Your experience applies equally to all skills.


Message History

You feel better.
Nessos shoots an arrow.
The arrow hits you!
* * * LOW HITPOINT WARNING * * *
You are poisoned.
Okay, then.
Okay, then.
Okay, then.
Okay, then.
Casting: Frozen Ramparts (mildly dangerous; 3% risk of failure)
Confirm with . or Enter, or press ? or * to list all spells.
Okay, then.
Unknown command.
You feel much better.
You feel very sick.
As you read the scroll labelled TEIR ZOLOCEDD, it crumbles to dust.
You hear a loud clanging noise!
It was a scroll of noise.
You feel very sick.
Nessos shoots an arrow.
The arrow hits you. The arrow burns you.
You are more poisoned.
Nessos shoots an arrow.
The arrow hits you!
* * * LOW HITPOINT WARNING * * *
You are lethally poisoned!
Nessos shoots an arrow.
The arrow misses you.
You feel better.
Nessos shoots an arrow.
The arrow hits you!
* * * LOW HITPOINT WARNING * * *
The arrow burns you.
You are poisoned.
* * * LOW HITPOINT WARNING * * *
Nessos shoots an arrow.
The arrow misses you.
Okay, then.
As you read the scroll labelled LOUWKE BOTEUTI, it crumbles to dust.
A profound silence engulfs you.
It was a scroll of silence.
You feel very sick.
Nessos shoots an arrow.
The arrow hits you!
* * * LOW HITPOINT WARNING * * *
The arrow burns you.
You are lethally poisoned!
* * * LOW HITPOINT WARNING * * *
Nessos shoots an arrow.
The arrow hits you!
You die...

...# #.......##
##...## #...
......[..#
#...##
#..##.......
#...# #.....?..
#..## #..#R#.#
#..# #..c†##
#..# ##....##
##.## ##)...##
#..# ###@..##
##..# ##.>.##
#...# ##...##
#>..#
##...###...##
##.........####
#.............
##............
#........####
#.......###


You could see the friendly Mettia the knight and Nessos (fast, ally target).

Vanquished Creatures
  Gastronok (D:8)
  A two-headed ogre (D:10)
  An unseen horror (D:12)
  A troll (D:6)
  Grinder (D:3)
  2 shadows
  A wyvern (D:11)
  12 yaks
  A basilisk (D:11)
  4 vampire mosquitoes (D:12)
  2 water moccasins
  2 acid dragons (D:9)
  4 orc warriors
  2 black bears
  5 sky beasts
  3 ice beasts
  An ogre (D:5)
  8 centaurs
  2 phantoms
  4 bullfrogs
  A kobold brigand (D:11)
  A necrophage (D:6)
  6 scorpions
  12 wights
  13 killer bees
  A howler monkey (D:11)
  A crimson imp (D:5)
  5 hounds
  7 iguanas
  Natasha (D:2)
  A gnoll bouda (D:6)
  9 orc priests
  7 orc wizards
  12 gnolls
  10 adders
  A shadow imp (D:6)
  A white imp (D:5)
  4 ufetubi
  2 worms
  2 dart slugs
  44 orcs
  5 ball pythons
  5 endoplasms
  7 giant cockroaches
  5 goblins
  6 hobgoblins
  6 jackals
  7 kobolds
  3 quokkas
  5 bats
  3 frilled lizards
  5 rats
  A fire vortex (D:12)
257 creatures vanquished.

Vanquished Creatures (collateral kills)
  A boulder beetle (D:11)
  2 two-headed ogres
  An unseen horror (D:12)
  2 komodo dragons
  4 yaks
  An orc warrior (D:11)
  An orc priest (D:9)
  An orc wizard (D:9)
  6 orcs
  A kobold (D:11)
20 creatures vanquished.

Vanquished Creatures (others)
  4 ancestors
  2 knights
  A fungus (D:11)
7 creatures vanquished.

Grand Total: 284 creatures vanquished

Notes
Turn   | Place    | Note
-------+----------+-------------------------------------------
     0 | D:1      | testman the Gnoll Wanderer began the quest for the Orb.
     0 | D:1      | testman set off with the following items: a +2 sling, a +0
                  | spear, a +0 pair of boots, a scroll of teleportation, a +0
                  | robe.
     0 | D:1      | Reached XP level 1. HP: 17/17 MP: 1/1
   121 | D:1      | Reached XP level 2. HP: 19/23 MP: 2/2
   470 | D:1      | Reached XP level 3. HP: 28/28 MP: 3/3
   872 | D:2      | Reached skill level 1 in Invocations
   940 | D:2      | Reached skill level 1 in Short Blades
   940 | D:2      | Reached skill level 1 in Long Blades
   940 | D:2      | Reached skill level 1 in Axes
   940 | D:2      | Reached skill level 1 in Maces & Flails
   940 | D:2      | Reached skill level 1 in Staves
   940 | D:2      | Reached skill level 1 in Throwing
   940 | D:2      | Reached skill level 1 in Shields
   940 | D:2      | Reached skill level 1 in Unarmed Combat
   940 | D:2      | Reached skill level 1 in Spellcasting
   940 | D:2      | Reached skill level 1 in Evocations
   980 | D:2      | Reached XP level 4. HP: 34/34 MP: 5/5
  1175 | D:2      | Noticed Natasha
  1181 | D:2      | Killed Natasha
  1182 | D:2      | Reached skill level 1 in Conjurations
  1182 | D:2      | Reached skill level 1 in Hexes
  1182 | D:2      | Reached skill level 1 in Summonings
  1182 | D:2      | Reached skill level 1 in Necromancy
  1182 | D:2      | Reached skill level 1 in Translocations
  1182 | D:2      | Reached skill level 1 in Transmutations
  1182 | D:2      | Reached skill level 1 in Fire Magic
  1182 | D:2      | Reached skill level 1 in Ice Magic
  1182 | D:2      | Reached skill level 1 in Air Magic
  1182 | D:2      | Reached skill level 1 in Earth Magic
  1182 | D:2      | Reached skill level 1 in Poison Magic
  1346 | D:2      | Reached XP level 5. HP: 11/40 MP: 7/7
  1647 | D:3      | Noticed Grinder
  1651 | D:3      | Paralysed by Grinder for 5 turns
  1807 | D:3      | Killed Grinder
  1808 | D:3      | Reached skill level 5 in Polearms
  1808 | D:3      | Reached XP level 6. HP: 42/47 MP: 7/9
  2387 | D:4      | Reached XP level 7. HP: 21/52 MP: 10/10
  2874 | D:5      | Entered Level 5 of the Dungeon
  2907 | D:5      | Reached skill level 9 in Ranged Weapons
  3084 | D:5      | Reached XP level 8. HP: 57/60 MP: 12/12
  3908 | D:6      | Found an opulent altar of Gozag.
  4176 | D:6      | Reached XP level 9. HP: 36/66 MP: 14/14
  4316 | D:6      | Noticed a troll
  4366 | D:6      | Killed a troll
  4650 | D:6      | Found a staircase to the Ecumenical Temple.
  4666 | Temple   | Entered the Ecumenical Temple
  4898 | Temple   | Became a worshipper of Hepliaklqana the Forgotten
  4965 | D:6      | Reached skill level 5 in Fighting
  4965 | D:6      | Reached skill level 5 in Armour
  4965 | D:6      | Reached skill level 5 in Dodging
  5076 | D:6      | Reached skill level 5 in Stealth
  5442 | D:7      | Reached skill level 5 in Invocations
  5958 | D:8      | Noticed Gastronok
  5965 | D:8      | Killed Gastronok
  5966 | D:8      | Reached skill level 5 in Short Blades
  5966 | D:8      | Reached skill level 5 in Long Blades
  5966 | D:8      | Reached skill level 5 in Axes
  5966 | D:8      | Reached skill level 5 in Maces & Flails
  5966 | D:8      | Reached skill level 5 in Staves
  5966 | D:8      | Reached skill level 10 in Ranged Weapons
  5966 | D:8      | Reached skill level 5 in Throwing
  5966 | D:8      | Reached skill level 5 in Shields
  5966 | D:8      | Reached skill level 5 in Unarmed Combat
  5966 | D:8      | Reached skill level 5 in Spellcasting
  5966 | D:8      | Reached skill level 5 in Evocations
  5966 | D:8      | Reached XP level 10. HP: 45/76 MP: 17/17
  7071 | D:8      | Reached * piety under Hepliaklqana
  7653 | D:9      | Reached skill level 5 in Conjurations
  7653 | D:9      | Reached skill level 5 in Hexes
  7653 | D:9      | Reached skill level 5 in Summonings
  7653 | D:9      | Reached skill level 5 in Necromancy
  7653 | D:9      | Reached skill level 5 in Translocations
  7653 | D:9      | Reached skill level 5 in Transmutations
  7653 | D:9      | Reached skill level 5 in Fire Magic
  7653 | D:9      | Reached skill level 5 in Ice Magic
  7653 | D:9      | Reached skill level 5 in Air Magic
  7653 | D:9      | Reached skill level 5 in Earth Magic
  7653 | D:9      | Reached skill level 5 in Poison Magic
  7653 | D:9      | Reached XP level 11. HP: 51/74 MP: 20/20
  8361 | D:9      | Found an ornate altar of the Wu Jian Council.
  8423 | D:10     | Entered Level 10 of the Dungeon
  8722 | D:10     | Noticed a two-headed ogre
  8730 | D:10     | Killed a two-headed ogre
  8773 | D:10     | Reached ** piety under Hepliaklqana
  8783 | D:10     | Remembered your ancestor Mettia as a knight
  8790 | D:10     | Learned a level 3 spell: Frozen Ramparts
  8794 | D:10     | Learned a level 3 spell: Ozocubu's Armour
  8860 | D:10     | Noticed a two-headed ogre
  8865 | D:10     | Killed a two-headed ogre
  9139 | D:11     | Found a staircase to the Lair.
  9203 | D:11     | Found a staircase to the Orcish Mines.
  9337 | D:11     | Noticed a boulder beetle
  9350 | D:11     | Killed a boulder beetle
  9833 | D:12     | Reached skill level 11 in Ranged Weapons
 10061 | D:12     | Noticed a two-headed ogre
 10065 | D:12     | Killed a two-headed ogre
 10066 | D:12     | Reached XP level 12. HP: 81/81 MP: 22/22
 10071 | D:12     | Learned a level 4 spell: Iskenderun's Mystic Blast
 10076 | D:12     | Learned a level 4 spell: Dispel Undead
 10309 | D:12     | Noticed Nessos
 10320 | D:12     | Shot with an arrow by Nessos

Illustrated notes

Levels and vault maps discovered:
D:1:      wheals_arrival_linesprint, layout_loops_ring, kennysheep_pointless_box
D:2:      layout_rooms, uniq_natasha
D:3:      layout_rooms, uniq_grinder
D:4:      layout_rooms, serial_curves, eino_curves_04, eino_curves_02
D:5:      layout_basic, minmay_fire_ice_demons
D:6:      minmay_opposing_rooms, layout_rooms, grunt_gozag_statues,
          minmay_temple_entry_antechambers, nicolae_titane
D:7:      layout_basic
D:8:      layout_basic, kennysheep_generic_room_14, uniq_gastronok
D:9:      layout_gridville, kennysheep_mini
D:10:     layout_roguey, interstate_on_off, eino_tiny_chamber, glass_columns_b,
          kennysheep_generic_room_7
D:11:     layout_roguey, david_lair_generic, minmay_orc_entry_temple_small
D:12:     layout_layer_cave, nicolae_lava_and_water, st_stairs_4, uniq_nessos
Temple:   nicolae_temple_slightly_damp_pantheon

Skill      XL: |  1  2  3  4  5  6  7  8  9 10 11 12 |
---------------+-------------------------------------+-----
Invocations    | 1 2 3 4 5 6 7 |  7.9
Short Blades   | 1 2 3 5 6 7 |  7.2
Long Blades    | 1 2 3 5 6 7 |  7.2
Axes           | 1 2 3 5 6 7 |  7.2
Maces & Flails | 1 2 3 5 6 7 |  7.2
Staves         | 1 2 3 5 6 7 |  7.2
Throwing       | 1 2 3 5 6 7 |  7.2
Shields        | 1 2 3 5 6 7 |  7.2
Unarmed Combat | 1 2 3 5 6 7 |  7.2
Spellcasting   | 1 2 3 5 6 7 |  7.2
Evocations     | 1 2 3 5 6 7 |  7.2
Conjurations   | 1 2 3 4 5 6 |  6.0
Hexes          | 1 2 3 4 5 6 |  6.0
Summonings     | 1 2 3 4 5 6 |  6.0
Necromancy     | 1 2 3 4 5 6 |  6.0
Translocations | 1 2 3 4 5 6 |  6.0
Transmutations | 1 2 3 4 5 6 |  6.0
Fire Magic     | 1 2 3 4 5 6 |  6.0
Ice Magic      | 1 2 3 4 5 6 |  6.0
Air Magic      | 1 2 3 4 5 6 |  6.0
Earth Magic    | 1 2 3 4 5 6 |  6.0
Poison Magic   | 1 2 3 4 5 6 |  6.0
Fighting       | 3 4 6 7 |  7.7
Armour         | 3 4 6 7 |  7.7
Dodging        | 3 4 6 7 |  7.7
Polearms       | 5 6 7 8 |  8.6
Stealth        | 3 4 5 6 7 |  7.7
Ranged Weapons | 9 10 11 | 11.2

Action                   |  1- 3 |  4- 6 |  7- 9 | 10-12 || total
-------------------------+-------+-------+-------+-------++-------
Melee: Short sword       |       |     5 |    56 |       ||    61
       Bite              |       |       |     3 |    27 ||    30
       Punch             |       |       |     1 |    10 ||    11
       Dagger            |       |       |    15 |   138 ||   153
       Falchion          |       |       |       |    38 ||    38
 Fire: Sling             |    82 |    70 |       |       ||   152
       Arbalest          |       |    69 |   262 |   283 ||   614
 Cast: Frozen Ramparts   |       |       |       |     8 ||     8
       Ozocubu's Armour  |       |       |       |     5 ||     5
Invok: Ancestor Life: Kn |       |       |       |     1 ||     1
Evoke: Wand              |       |     1 |     4 |     1 ||     6
  Use: Scroll            |       |     3 |    10 |     4 ||    17
       Potion            |       |       |     2 |     5 ||     7
Armor: Robe              |     8 |       |       |       ||     8
       Leather armour    |       |     9 |       |       ||     9
       Ring mail         |       |    25 |   137 |   136 ||   298
Dodge: Dodged            |     8 |    64 |   186 |   398 ||   656

Table legend: (Time is in decaauts)
 A = Elapsed time spent in this place.
 B = Non-inter-level travel time spent in this place.
 C = Inter-level travel time spent in this place.
 D = Time resting spent in this place.
 E = Time spent auto-exploring this place.
 F = Levels seen in this place.
 G = Mean time per level.
                   A        B        C        D        E       F      G
               +--------+--------+--------+--------+--------+-----+--------+
         Total |  10575 |  10187 |    388 |    704 |   7441 |  13 |  813.5 |
       Dungeon |  10323 |  10013 |    310 |    704 |   7290 |  12 |  860.2 |
        Temple |    251 |    173 |     78 |      0 |    151 |   1 |  251.0 |
               +--------+--------+--------+--------+--------+-----+--------+

Top non-repeatable levels by time:
     D:6: 1365 daAuts
     D:9: 1239 daAuts
     D:8: 1073 daAuts
     D:7: 912 daAuts
     D:5: 864 daAuts
     D:1: 817 daAuts
    D:11: 807 daAuts
     D:4: 757 daAuts
     D:3: 686 daAuts
     D:2: 661 daAuts
    D:10: 636 daAuts
    D:12: 501 daAuts
  Temple: 251 daAuts
